Pick #1

Connor Bedard
Pick #2

Leo Carlsson
Pick #3

Adam Fantilli
Pick #4

Matvei Michkov
Pick #5

David Reinbacher
Pick #6

William Smith
Pick #7

Zachary Benson
Pick #8

Ryan Leonard
Pick #9

Gabriel Perreault
Pick #10

Axel Sandin-Pellika
Pick #11

Daniil But
Pick #12

Dalibor Dvorsky
Pick #13

Quentin Musty
Pick #14

Brayden Yager
Pick #15

Dmitry Simashev
Pick #16

Colby Barlow
Pick #17

Andrew Cristall
Pick #18

Easton Cowan
Pick #19

Jacob Fowler
Pick #20

Oliver Moore
Pick #21

Oliver Bonk
Pick #22

Tom Willander
Pick #23

Calum Ritchie
Pick #24

Tanner Molendyk
Pick #25

Gavin Brindley
Pick #26

Nate Danielson
Pick #27

Pick #28

Pick #29

Pick #30

Pick #31

Pick #32

Pick #33

Pick #34

Pick #35

Pick #36

Pick #37

Pick #38

Pick #39

Pick #40

Pick #41

Pick #42

Pick #43

Pick #44

Pick #45

Pick #46

Pick #47

Pick #48

Pick #49

Pick #50

Pick #51

Pick #52

Pick #53

Pick #54

Pick #55

Pick #56

Pick #57

Pick #58

Pick #59

Pick #60

Pick #61

Pick #62

Pick #63

Pick #64

Pick #65

Pick #66

Pick #67

Pick #68

Pick #69

Pick #70

Pick #71

Pick #72

Pick #73

Pick #74

Pick #75

Pick #76

Pick #77

Pick #78

Pick #79

Pick #80

Pick #81

Pick #82

Pick #83

Pick #84

Pick #85

Pick #86

Pick #87

Pick #88

Pick #89

Pick #90

Pick #91

Pick #92

Pick #93

Pick #94

Pick #95

Pick #96

Pick #97

Pick #98

Pick #99

Pick #100

Pick #101

Pick #102

Pick #103

Pick #104

Pick #105

Pick #106

Pick #107

Pick #108

Pick #109

Pick #110

Pick #111

Pick #112

Pick #113

Pick #114

Pick #115

Pick #116

Pick #117

Pick #118

Pick #119

Pick #120

Pick #121

Pick #122

Pick #123

Pick #124

Pick #125

Pick #126

Pick #127

Pick #128

Pick #129

Pick #130

Full Scoreboard »»

Oilers vs Rangers

Created - March 3, 2024 at 22:38

Goals
1 2 3 T
Oilers 0 3 2 5
Rangers 1 1 2 4
Shots
1 2 3 T
Oilers 6 17 4 27
Rangers 13 8 12 33

GoalsPenalties
1st period
1. Rangers , Nick Bonino 21 (Patrik Laine 33, Yegor Chinakhov 17) at 3:35
No Penalty
2nd period
2. Oilers , Ryan Pulock 9 (Alexander Barabanov 22, Cole Perfetti 13) at 6:37 (PP)
3. Rangers , Patrik Laine 22 (Yegor Chinakhov 18, Nick Bonino 25) at 10:19
4. Oilers , Kasperi Kapanen 6 (Ryan Pulock 28, Vladislav Gavrikov 24) at 15:47
5. Oilers , Brock Boeser 19 (Ryan Pulock 29, Vladislav Gavrikov 25) at 17:40
Yegor Chinakhov (NYR) for High sticking (Minor) at 4:57
Troy Stecher (EDM) for Slashing (Minor) at 8:00
Scott Mayfield (EDM) for Holding (Minor) at 12:38
3rd period
6. Rangers , Juuso Parssinen 8 (Luke Schenn 16, Mario Ferraro 32) at 1:42
7. Rangers , Yegor Chinakhov 8 (Patrik Laine 34, Nick Bonino 26) at 2:07
8. Oilers , Paul Stastny 8 (Jamie Drysdale 37, Josh Bailey 13) at 3:30
9. Oilers , Kasperi Kapanen 7 (Jakob Silfverberg 11, Casey Cizikas 4) at 17:57
Caleb Jones (NYR) for Interference (Minor) at 6:40
Casey Cizikas (EDM) for Hooking (Minor) at 15:03
Goalie Stats
Arvid Soderblom (EDM), 29 saves from 33 shots - (0.879), W, 1-0-0, 60:00 minutes
Arturs Silovs (NYR), 22 saves from 27 shots - (0.815), L, 2-6-1, 59:44 minutes
3 StarsOfficial
1 - Patrik Laine (NYR)
2 - Nick Bonino (NYR)
3 - Yegor Chinakhov (NYR)
Referees : Andrew Wilk and Stephen Hiff
Linesman : Devin Berg and Dennis Urban
Game Note
No Game Note
Finance
Level 1 -- Attendance: 5707 (87.80%) -- Ticket Income $656,305
Level 2 -- Attendance: 3795 (75.90%) -- Ticket Income $360,525
Level 3 -- Attendance: 3084 (88.11%) -- Ticket Income $215,880
Level 4 -- Attendance: 2006 (100.00%) -- Ticket Income $100,300
Luxury Box -- Attendance: 923 (92.30%) -- Ticket Income $184,600
Game was played at the Madison Square Garden.
Total Attendance: 15515 (86.17%)
Total Ticket Income: $1,517,610
Other Income: $379,402
Total Income: $1,897,012



Team Name Goals Shots Shots Attemp Shots Blocked PIM HIT PP PK FO%
Oilers 52769116211 / 2 (50%)057%
Rangers 4337374290 / 3 (0%)143%

Oilers
Player Name POS G A P +/- PIM HIT SHT SB MP PP MP PP SHT PK MP PK SHT FO% FOT
Alexander BarabanovLW0110021014:491:5600:0000% 0
Brandon HagelLW0000021017:211:4313:06033% 6
Brock BoeserRW1010002014:151:4300:0000% 0
Casey CizikasC0110221012:390:0000:00058% 12
Cole PerfettiC0110000013:371:1800:0000% 1
Dylan StromeC0000004016:441:3402:51067% 15
Jakob SilfverbergRW0110002116:110:2513:060100% 1
Jamie DrysdaleD011-1010018:451:4300:0000% 0
Josh BaileyRW0110001014:491:5600:0000% 1
Kasperi KapanenRW2020012013:121:0000:000100% 1
Ondrej PalatLW0000034113:371:1800:000100% 2
Paul StastnyC1010002013:210:0000:00065% 20
Robin SaloD0000020015:450:0001:0600% 0
Ryan JohansenC0000012017:061:4312:51048% 23
Ryan PulockD1231002322:401:5612:2900% 0
Scott MayfieldD0000212117:360:0002:3000% 0
Troy StecherD000-1241519:300:0002:0100% 0
Vladislav GavrikovD0221020022:030:0003:4800% 0
Rangers
Player Name POS G A P +/- PIM HIT SHT SB MP PP MP PP SHT PK MP PK SHT FO% FOT
Anthony BeauvillierLW000-2012018:183:0200:0000% 1
Caleb JonesD000-1260021:553:0200:4900% 0
Casey MittelstadtC000-2024018:183:0200:00052% 29
Eric RobinsonLW000-2014114:210:0001:4800% 1
Jack QuinnRW000-2011018:383:0200:0000% 1
Jake ChristiansenD0001003220:192:5512:0300% 0
Justin DanforthRW000100106:570:0000:0000% 1
Juuso ParssinenC101102106:570:0000:00033% 9
Kent JohnsonC0001000012:002:5501:48050% 8
Luke KuninC000-2022014:240:0001:51022% 9
Luke SchennD0110010116:580:0000:0000% 0
Mario FerraroD0110011120:492:5500:5600% 0
Nick BoninoC1233014015:180:0000:00050% 20
Patrik LaineLW1233033018:132:5500:0000% 2
Riley StillmanD0001020117:150:0001:5400% 0
Ryan ReavesRW000-2000014:440:0001:510100% 1
Sebastien AhoD000-1023122:433:0231:3600% 0
Yegor ChinakhovRW1233244018:122:5510:0000% 0



Play-by-Play

1st period


0:01 of 1st period - Nick Bonino wins face-off versus Ryan Johansen in neutral zone.
0:14 of 1st period - Shot by Yegor Chinakhov.
0:14 of 1st period - Stopped by Arvid Soderblom without a rebound.
0:15 of 1st period - Dylan Strome wins face-off versus Jack Quinn in Oilers zone.
0:15 of 1st period - Dylan Strome is hit by Casey Mittelstadt.
0:35 of 1st period - Shot by Anthony Beauvillier.
0:35 of 1st period - Shot Misses the Net.
0:37 of 1st period - Shot by Casey Mittelstadt.
0:37 of 1st period - Deflect By Anthony Beauvillier.
0:37 of 1st period - Shot Blocked by Troy Stecher.
0:39 of 1st period - Shot by Anthony Beauvillier.
0:39 of 1st period - Shot Hit the Post.
1:00 of 1st period - Casey Mittelstadt is hit by Troy Stecher and loses puck.
1:16 of 1st period - Ryan Reaves is hit by Jamie Drysdale and loses puck.
1:32 of 1st period - Dylan Strome is hit by Riley Stillman and loses puck.
2:00 of 1st period - Shot by Yegor Chinakhov.
2:00 of 1st period - Shot Blocked by Troy Stecher.
2:02 of 1st period - Shot by Nick Bonino.
2:02 of 1st period - Shot Misses the Net.
2:04 of 1st period - Shot by Yegor Chinakhov.
2:04 of 1st period - Stopped by Arvid Soderblom with a rebound.
2:06 of 1st period - Shot by Nick Bonino.
2:06 of 1st period - Stopped by Arvid Soderblom without a rebound.
2:07 of 1st period - Paul Stastny wins face-off versus Juuso Parssinen in Oilers zone.
2:44 of 1st period - Shot by Scott Mayfield.
2:44 of 1st period - Shot Misses the Net.
3:35 of 1st period - Shot by Nick Bonino.
3:35 of 1st period - Goal by Nick Bonino - Oilers : 0 - Rangers : 1.
3:36 of 1st period - Casey Mittelstadt wins face-off versus Ryan Johansen in neutral zone.
4:05 of 1st period - Shot by Anthony Beauvillier.
4:05 of 1st period - Shot Misses the Net.
4:09 of 1st period - Shot by Anthony Beauvillier.
4:09 of 1st period - Deflect By Casey Mittelstadt.
4:09 of 1st period - Stopped by Arvid Soderblom without a rebound.
4:10 of 1st period - Paul Stastny wins face-off versus Luke Kunin in Oilers zone.
4:10 of 1st period - Paul Stastny is hit by Eric Robinson.
4:17 of 1st period - Ryan Reaves is hit by Vladislav Gavrikov and loses puck.
4:31 of 1st period - Alexander Barabanov is hit by Luke Kunin and loses puck.
4:49 of 1st period - Icing by Eric Robinson.
4:50 of 1st period - Luke Kunin wins face-off versus Casey Cizikas in Rangers zone.
4:52 of 1st period - Icing by Sebastien Aho.
4:53 of 1st period - Casey Cizikas wins face-off versus Luke Kunin in Rangers zone.
4:57 of 1st period - Kasperi Kapanen is hit by Sebastien Aho and loses puck.
5:08 of 1st period - Luke Kunin is hit by Kasperi Kapanen and loses puck.
5:23 of 1st period - Shot by Jakob Silfverberg.
5:23 of 1st period - Deflect By Kasperi Kapanen.
5:23 of 1st period - Shot Misses the Net.
5:32 of 1st period - Casey Cizikas is hit by Luke Schenn.
6:26 of 1st period - Shot by Anthony Beauvillier.
6:26 of 1st period - Shot Misses the Net.
6:32 of 1st period - Shot by Jake Christiansen.
6:32 of 1st period - Stopped by Arvid Soderblom without a rebound.
6:33 of 1st period - Paul Stastny wins face-off versus Justin Danforth in Oilers zone.
7:25 of 1st period - Josh Bailey is hit by Riley Stillman and loses puck.
7:51 of 1st period - Shot by Casey Mittelstadt.
7:51 of 1st period - Stopped by Arvid Soderblom with a rebound.
7:55 of 1st period - Shot by Anthony Beauvillier.
7:55 of 1st period - Shot Misses the Net.
9:23 of 1st period - Shot by Luke Kunin.
9:23 of 1st period - Shot Misses the Net.
9:29 of 1st period - Sebastien Aho is hit by Casey Cizikas and loses puck.
9:35 of 1st period - Kasperi Kapanen is hit by Caleb Jones and loses puck.
9:52 of 1st period - Eric Robinson is hit by Casey Cizikas.
10:22 of 1st period - Shot by Dylan Strome.
10:22 of 1st period - Shot Blocked by Jake Christiansen.
10:26 of 1st period - Shot by Dylan Strome.
10:26 of 1st period - Shot Blocked by Jake Christiansen.
10:28 of 1st period - Shot by Ondrej Palat.
10:28 of 1st period - Deflect By Dylan Strome.
10:28 of 1st period - Shot Misses the Net.
10:30 of 1st period - Shot by Cole Perfetti.
10:30 of 1st period - Shot Blocked by Riley Stillman.
10:32 of 1st period - Shot by Ondrej Palat.
10:32 of 1st period - Stopped by Arturs Silovs without a rebound.
10:33 of 1st period - Casey Mittelstadt wins face-off versus Paul Stastny in Rangers zone.
10:56 of 1st period - Shot by Alexander Barabanov.
10:56 of 1st period - Shot Blocked by Mario Ferraro.
11:00 of 1st period - Shot by Paul Stastny.
11:00 of 1st period - Stopped by Arturs Silovs with a rebound.
11:39 of 1st period - Shot by Dylan Strome.
11:39 of 1st period - Stopped by Arturs Silovs without a rebound.
11:40 of 1st period - Casey Cizikas wins face-off versus Nick Bonino in Rangers zone.
12:54 of 1st period - Shot by Eric Robinson.
12:54 of 1st period - Shot Misses the Net.
12:56 of 1st period - Shot by Eric Robinson.
12:56 of 1st period - Shot Blocked by Ryan Pulock.
13:04 of 1st period - Shot by Eric Robinson.
13:04 of 1st period - Stopped by Arvid Soderblom with a rebound.
13:06 of 1st period - Shot by Sebastien Aho.
13:06 of 1st period - Shot Blocked by Jakob Silfverberg.
13:08 of 1st period - Shot by Eric Robinson.
13:08 of 1st period - Deflect By Ryan Reaves.
13:08 of 1st period - Shot Misses the Net.
13:42 of 1st period - Shot by Justin Danforth.
13:42 of 1st period - Shot Blocked by Ryan Pulock.
13:44 of 1st period - Shot by Justin Danforth.
13:44 of 1st period - Stopped by Arvid Soderblom with a rebound.
13:46 of 1st period - Shot by Mario Ferraro.
13:46 of 1st period - Stopped by Arvid Soderblom with a rebound.
13:48 of 1st period - Shot by Luke Schenn.
13:48 of 1st period - Shot Misses the Net.
14:18 of 1st period - Shot by Casey Mittelstadt.
14:18 of 1st period - Stopped by Arvid Soderblom with a rebound.
15:21 of 1st period - Shot by Yegor Chinakhov.
15:21 of 1st period - Deflect By Patrik Laine.
15:21 of 1st period - Shot Misses the Net.
15:58 of 1st period - Shot by Luke Kunin.
15:58 of 1st period - Stopped by Arvid Soderblom without a rebound.
15:59 of 1st period - Juuso Parssinen wins face-off versus Ryan Johansen in Oilers zone.
16:25 of 1st period - Shot by Brock Boeser.
16:25 of 1st period - Stopped by Arturs Silovs without a rebound.
16:26 of 1st period - Ondrej Palat wins face-off versus Casey Mittelstadt in Rangers zone.
16:58 of 1st period - Shot by Ondrej Palat.
16:58 of 1st period - Shot Misses the Net.
17:00 of 1st period - Shot by Jamie Drysdale.
17:00 of 1st period - Shot Misses the Net.
17:02 of 1st period - Shot by Dylan Strome.
17:02 of 1st period - Stopped by Arturs Silovs without a rebound.
17:03 of 1st period - Paul Stastny wins face-off versus Nick Bonino in Rangers zone.
17:06 of 1st period - Shot by Alexander Barabanov.
17:06 of 1st period - Shot Misses the Net.
17:10 of 1st period - Shot by Paul Stastny.
17:10 of 1st period - Shot Misses the Net.
17:24 of 1st period - Caleb Jones is hit by Alexander Barabanov and loses puck.
17:30 of 1st period - Icing by Caleb Jones.
17:31 of 1st period - Ryan Johansen wins face-off versus Nick Bonino in Rangers zone.
17:51 of 1st period - Patrik Laine is hit by Troy Stecher and loses puck.
17:54 of 1st period - Shot by Yegor Chinakhov.
17:54 of 1st period - Shot Misses the Net.
17:56 of 1st period - Shot by Caleb Jones.
17:56 of 1st period - Shot Misses the Net.
18:09 of 1st period - Jamie Drysdale is hit by Mario Ferraro and loses puck.
18:28 of 1st period - Shot by Luke Kunin.
18:28 of 1st period - Stopped by Arvid Soderblom with a rebound.
18:55 of 1st period - Luke Schenn is hit by Scott Mayfield and loses puck.
19:09 of 1st period - Off-side.
19:10 of 1st period - Paul Stastny wins face-off versus Casey Mittelstadt in neutral zone.
19:18 of 1st period - Shot by Josh Bailey.
19:18 of 1st period - Deflect By Alexander Barabanov.
19:18 of 1st period - Shot Misses the Net.
19:20 of 1st period - Shot by Scott Mayfield.
19:20 of 1st period - Stopped by Arturs Silovs without a rebound.
19:21 of 1st period - Nick Bonino wins face-off versus Dylan Strome in Rangers zone.
19:21 of 1st period - Nick Bonino is hit by Ondrej Palat.
19:37 of 1st period - Shot by Nick Bonino.
19:37 of 1st period - Shot Misses the Net.
19:58 of 1st period - Shot by Dylan Strome.
19:58 of 1st period - Deflect By Cole Perfetti.
19:58 of 1st period - Shot Misses the Net.
Goals for this period are 0 for Oilers vs 1 for Rangers.
Shots for this period are 6 for Oilers vs 13 for Rangers.

2nd period


0:01 of 2nd period - Paul Stastny wins face-off versus Casey Mittelstadt in neutral zone.
0:10 of 2nd period - Shot by Alexander Barabanov.
0:10 of 2nd period - Deflect By Josh Bailey.
0:10 of 2nd period - Shot Misses the Net.
0:12 of 2nd period - Shot by Troy Stecher.
0:12 of 2nd period - Stopped by Arturs Silovs without a rebound.
0:13 of 2nd period - Dylan Strome wins face-off versus Luke Kunin in Rangers zone.
0:43 of 2nd period - Icing by Robin Salo.
0:44 of 2nd period - Dylan Strome wins face-off versus Casey Mittelstadt in Oilers zone.
2:09 of 2nd period - Shot by Yegor Chinakhov.
2:09 of 2nd period - Shot Misses the Net.
2:45 of 2nd period - Shot by Brandon Hagel.
2:45 of 2nd period - Shot Misses the Net.
2:47 of 2nd period - Shot by Vladislav Gavrikov.
2:47 of 2nd period - Deflect By Brock Boeser.
2:47 of 2nd period - Shot Misses the Net.
2:58 of 2nd period - Caleb Jones is hit by Robin Salo.
3:12 of 2nd period - Shot by Kasperi Kapanen.
3:12 of 2nd period - Deflect By Casey Cizikas.
3:12 of 2nd period - Stopped by Arturs Silovs with a rebound.
3:14 of 2nd period - Shot by Jakob Silfverberg.
3:14 of 2nd period - Stopped by Arturs Silovs without a rebound.
3:15 of 2nd period - Juuso Parssinen wins face-off versus Dylan Strome in Rangers zone.
3:30 of 2nd period - Jake Christiansen is hit by Ondrej Palat and loses puck.
3:35 of 2nd period - Shot by Cole Perfetti.
3:35 of 2nd period - Shot Misses the Net.
3:49 of 2nd period - Shot by Dylan Strome.
3:49 of 2nd period - Stopped by Arturs Silovs without a rebound.
3:50 of 2nd period - Casey Mittelstadt wins face-off versus Paul Stastny in Rangers zone.
3:59 of 2nd period - Shot by Alexander Barabanov.
3:59 of 2nd period - Stopped by Arturs Silovs with a rebound.
4:01 of 2nd period - Shot by Josh Bailey.
4:01 of 2nd period - Shot Misses the Net.
4:03 of 2nd period - Shot by Josh Bailey.
4:03 of 2nd period - Deflect By Paul Stastny.
4:03 of 2nd period - Shot Misses the Net.
4:14 of 2nd period - Icing by Mario Ferraro.
4:15 of 2nd period - Casey Mittelstadt wins face-off versus Ryan Johansen in Rangers zone.
4:19 of 2nd period - Off-side.
4:20 of 2nd period - Nick Bonino wins face-off versus Ryan Johansen in neutral zone.
4:20 of 2nd period - Nick Bonino is hit by Ryan Johansen.
4:32 of 2nd period - Shot by Nick Bonino.
4:32 of 2nd period - Shot Blocked by Ryan Pulock.
4:34 of 2nd period - Shot by Nick Bonino.
4:34 of 2nd period - Stopped by Arvid Soderblom without a rebound.
4:35 of 2nd period - Paul Stastny wins face-off versus Casey Mittelstadt in Oilers zone.
4:55 of 2nd period - Icing by Troy Stecher.
4:56 of 2nd period - Paul Stastny wins face-off versus Nick Bonino in Oilers zone.
4:56 of 2nd period - Jamie Drysdale is hit by Nick Bonino and loses puck.
4:57 of 2nd period - Minor Penalty to Yegor Chinakhov for High sticking.
4:58 of 2nd period - Dylan Strome wins face-off versus Luke Kunin in Rangers zone.
5:03 of 2nd period - Shot by Brandon Hagel.
5:03 of 2nd period - Stopped by Arturs Silovs without a rebound.
5:04 of 2nd period - Kent Johnson wins face-off versus Cole Perfetti in Rangers zone.
5:18 of 2nd period - Off-side.
5:19 of 2nd period - Dylan Strome wins face-off versus Kent Johnson in neutral zone.
5:24 of 2nd period - Shot by Ryan Johansen.
5:24 of 2nd period - Stopped by Arturs Silovs with a rebound.
5:57 of 2nd period - Shot by Dylan Strome.
5:57 of 2nd period - Shot Misses the Net.
6:24 of 2nd period - Luke Kunin is hit by Ondrej Palat and loses puck.
6:35 of 2nd period - Shot by Ryan Pulock.
6:35 of 2nd period - Deflect By Alexander Barabanov.
6:35 of 2nd period - Shot Misses the Net.
6:37 of 2nd period - Shot by Ryan Pulock.
6:37 of 2nd period - Goal by Ryan Pulock - Oilers : 1 - Rangers : 1.
6:38 of 2nd period - Casey Cizikas wins face-off versus Nick Bonino in neutral zone.
6:38 of 2nd period - Scott Mayfield is hit by Yegor Chinakhov and loses puck.
6:44 of 2nd period - Scott Mayfield is hit by Yegor Chinakhov and loses puck.
6:58 of 2nd period - Icing by Luke Schenn.
6:59 of 2nd period - Nick Bonino wins face-off versus Josh Bailey in Rangers zone.
7:20 of 2nd period - Shot by Vladislav Gavrikov.
7:20 of 2nd period - Shot Misses the Net.
7:22 of 2nd period - Shot by Ryan Pulock.
7:22 of 2nd period - Stopped by Arturs Silovs without a rebound.
7:23 of 2nd period - Casey Mittelstadt wins face-off versus Ryan Johansen in Rangers zone.
7:23 of 2nd period - Caleb Jones is hit by Brandon Hagel and loses puck.
7:27 of 2nd period - Icing by Sebastien Aho.
7:28 of 2nd period - Casey Mittelstadt wins face-off versus Ryan Johansen in Rangers zone.
7:33 of 2nd period - Shot by Anthony Beauvillier.
7:33 of 2nd period - Stopped by Arvid Soderblom without a rebound.
7:34 of 2nd period - Luke Kunin wins face-off versus Dylan Strome in Oilers zone.
7:34 of 2nd period - Sebastien Aho is hit by Troy Stecher and loses puck.
8:00 of 2nd period - Minor Penalty to Troy Stecher for Slashing.
8:01 of 2nd period - Kent Johnson wins face-off versus Brandon Hagel in Oilers zone.
8:02 of 2nd period - Shot by Mario Ferraro.
8:02 of 2nd period - Shot Misses the Net.
8:22 of 2nd period - Shot by Jake Christiansen.
8:22 of 2nd period - Stopped by Arvid Soderblom without a rebound.
8:23 of 2nd period - Casey Mittelstadt wins face-off versus Brandon Hagel in Oilers zone.
8:26 of 2nd period - Shot by Sebastien Aho.
8:26 of 2nd period - Shot Misses the Net.
8:28 of 2nd period - Shot by Jack Quinn.
8:28 of 2nd period - Shot Misses the Net.
8:30 of 2nd period - Shot by Sebastien Aho.
8:30 of 2nd period - Stopped by Arvid Soderblom without a rebound.
8:31 of 2nd period - Casey Mittelstadt wins face-off versus Brandon Hagel in Oilers zone.
8:49 of 2nd period - Icing by Anthony Beauvillier.
8:50 of 2nd period - Casey Mittelstadt wins face-off versus Ryan Johansen in Rangers zone.
9:14 of 2nd period - Shot by Jack Quinn.
9:14 of 2nd period - Shot Blocked by Scott Mayfield.
9:16 of 2nd period - Shot by Sebastien Aho.
9:16 of 2nd period - Stopped by Arvid Soderblom without a rebound.
9:17 of 2nd period - Ryan Johansen wins face-off versus Kent Johnson in Oilers zone.
9:29 of 2nd period - Icing by Mario Ferraro.
9:30 of 2nd period - Ryan Johansen wins face-off versus Patrik Laine in Rangers zone.
9:48 of 2nd period - Off-side.
9:49 of 2nd period - Brandon Hagel wins face-off versus Casey Mittelstadt in neutral zone.
9:55 of 2nd period - Icing by Casey Mittelstadt.
9:56 of 2nd period - Casey Mittelstadt wins face-off versus Ryan Johansen in Rangers zone.
10:17 of 2nd period - Shot by Yegor Chinakhov.
10:17 of 2nd period - Shot Misses the Net.
10:19 of 2nd period - Shot by Patrik Laine.
10:19 of 2nd period - Goal by Patrik Laine - Oilers : 1 - Rangers : 2.
10:20 of 2nd period - Ryan Johansen wins face-off versus Casey Mittelstadt in neutral zone.
10:54 of 2nd period - Ryan Pulock is hit by Sebastien Aho and loses puck.
11:35 of 2nd period - Shot by Ondrej Palat.
11:35 of 2nd period - Stopped by Arturs Silovs with a rebound.
11:37 of 2nd period - Shot by Troy Stecher.
11:37 of 2nd period - Shot Blocked by Luke Schenn.
12:00 of 2nd period - Luke Schenn is hit by Troy Stecher and loses puck.
12:26 of 2nd period - Icing by Robin Salo.
12:27 of 2nd period - Paul Stastny wins face-off versus Patrik Laine in Oilers zone.
12:27 of 2nd period - Paul Stastny is hit by Patrik Laine.
12:38 of 2nd period - Minor Penalty to Scott Mayfield for Holding.
12:39 of 2nd period - Casey Mittelstadt wins face-off versus Brandon Hagel in Oilers zone.
13:18 of 2nd period - Shot by Caleb Jones.
13:18 of 2nd period - Shot Blocked by Troy Stecher.
14:31 of 2nd period - Shot by Sebastien Aho.
14:31 of 2nd period - Shot Misses the Net.
14:33 of 2nd period - Shot by Sebastien Aho.
14:33 of 2nd period - Stopped by Arvid Soderblom without a rebound.
14:34 of 2nd period - Brandon Hagel wins face-off versus Casey Mittelstadt in Oilers zone.
14:49 of 2nd period - Shot by Eric Robinson.
14:49 of 2nd period - Shot Misses the Net.
15:03 of 2nd period - Shot by Josh Bailey.
15:03 of 2nd period - Stopped by Arturs Silovs with a rebound.
15:05 of 2nd period - Shot by Scott Mayfield.
15:05 of 2nd period - Shot Misses the Net.
15:07 of 2nd period - Shot by Scott Mayfield.
15:07 of 2nd period - Stopped by Arturs Silovs with a rebound.
15:47 of 2nd period - Shot by Kasperi Kapanen.
15:47 of 2nd period - Goal by Kasperi Kapanen - Oilers : 2 - Rangers : 2.
15:48 of 2nd period - Ryan Johansen wins face-off versus Casey Mittelstadt in neutral zone.
15:53 of 2nd period - Shot by Brandon Hagel.
15:53 of 2nd period - Shot Misses the Net.
16:01 of 2nd period - Shot by Jamie Drysdale.
16:01 of 2nd period - Shot Blocked by Sebastien Aho.
16:03 of 2nd period - Shot by Ryan Johansen.
16:03 of 2nd period - Stopped by Arturs Silovs without a rebound.
16:04 of 2nd period - Ondrej Palat wins face-off versus Nick Bonino in Rangers zone.
16:17 of 2nd period - Shot by Dylan Strome.
16:17 of 2nd period - Shot Misses the Net.
16:19 of 2nd period - Shot by Ondrej Palat.
16:19 of 2nd period - Stopped by Arturs Silovs with a rebound.
16:41 of 2nd period - Shot by Ondrej Palat.
16:41 of 2nd period - Stopped by Arturs Silovs with a rebound.
17:02 of 2nd period - Icing by Brandon Hagel.
17:03 of 2nd period - Casey Mittelstadt wins face-off versus Ryan Johansen in Oilers zone.
17:40 of 2nd period - Shot by Brock Boeser.
17:40 of 2nd period - Goal by Brock Boeser - Oilers : 3 - Rangers : 2.
17:41 of 2nd period - Paul Stastny wins face-off versus Juuso Parssinen in neutral zone.
17:44 of 2nd period - Juuso Parssinen is hit by Alexander Barabanov and loses puck.
18:18 of 2nd period - Icing by Scott Mayfield.
18:19 of 2nd period - Nick Bonino wins face-off versus Paul Stastny in Oilers zone.
18:27 of 2nd period - Off-side.
18:28 of 2nd period - Casey Mittelstadt wins face-off versus Casey Cizikas in neutral zone.
18:39 of 2nd period - Shot by Jack Quinn.
18:39 of 2nd period - Stopped by Arvid Soderblom without a rebound.
18:40 of 2nd period - Ryan Johansen wins face-off versus Nick Bonino in Oilers zone.
18:40 of 2nd period - Ryan Johansen is hit by Yegor Chinakhov.
18:46 of 2nd period - Yegor Chinakhov is hit by Brandon Hagel and loses puck.
19:12 of 2nd period - Brandon Hagel is hit by Yegor Chinakhov and loses puck.
19:44 of 2nd period - Casey Cizikas is hit by Casey Mittelstadt and loses puck.
19:57 of 2nd period - Icing by Jack Quinn.
19:58 of 2nd period - Dylan Strome wins face-off versus Anthony Beauvillier in Rangers zone.
Goals for this period are 3 for Oilers vs 1 for Rangers.
Shots for this period are 17 for Oilers vs 8 for Rangers.

3rd period


0:01 of 3rd period - Casey Mittelstadt wins face-off versus Dylan Strome in neutral zone.
0:06 of 3rd period - Shot by Anthony Beauvillier.
0:06 of 3rd period - Stopped by Arvid Soderblom without a rebound.
0:07 of 3rd period - Dylan Strome wins face-off versus Casey Mittelstadt in Oilers zone.
0:26 of 3rd period - Dylan Strome is hit by Caleb Jones and loses puck.
0:31 of 3rd period - Shot by Dylan Strome.
0:31 of 3rd period - Shot Misses the Net.
0:45 of 3rd period - Shot by Vladislav Gavrikov.
0:45 of 3rd period - Shot Misses the Net.
0:51 of 3rd period - Shot by Ondrej Palat.
0:51 of 3rd period - Deflect By Dylan Strome.
0:51 of 3rd period - Shot Misses the Net.
1:10 of 3rd period - Icing by Josh Bailey.
1:11 of 3rd period - Nick Bonino wins face-off versus Paul Stastny in Oilers zone.
1:23 of 3rd period - Patrik Laine is hit by Robin Salo and loses puck.
1:26 of 3rd period - Shot by Patrik Laine.
1:26 of 3rd period - Stopped by Arvid Soderblom without a rebound.
1:27 of 3rd period - Juuso Parssinen wins face-off versus Casey Cizikas in Oilers zone.
1:42 of 3rd period - Shot by Juuso Parssinen.
1:42 of 3rd period - Goal by Juuso Parssinen - Oilers : 3 - Rangers : 3.
1:43 of 3rd period - Ryan Johansen wins face-off versus Nick Bonino in neutral zone.
2:07 of 3rd period - Shot by Yegor Chinakhov.
2:07 of 3rd period - Goal by Yegor Chinakhov - Oilers : 3 - Rangers : 4.
2:08 of 3rd period - Jakob Silfverberg wins face-off versus Casey Mittelstadt in neutral zone.
2:33 of 3rd period - Shot by Jack Quinn.
2:33 of 3rd period - Shot Misses the Net.
3:22 of 3rd period - Icing by Eric Robinson.
3:23 of 3rd period - Ryan Reaves wins face-off versus Paul Stastny in Rangers zone.
3:30 of 3rd period - Shot by Paul Stastny.
3:30 of 3rd period - Goal by Paul Stastny - Oilers : 4 - Rangers : 4.
3:31 of 3rd period - Nick Bonino wins face-off versus Paul Stastny in neutral zone.
3:44 of 3rd period - Shot by Patrik Laine.
3:44 of 3rd period - Shot Hit the Post.
3:56 of 3rd period - Shot by Yegor Chinakhov.
3:56 of 3rd period - Shot Misses the Net.
3:58 of 3rd period - Shot by Jake Christiansen.
3:58 of 3rd period - Stopped by Arvid Soderblom without a rebound.
3:59 of 3rd period - Dylan Strome wins face-off versus Juuso Parssinen in Oilers zone.
4:36 of 3rd period - Ondrej Palat is hit by Juuso Parssinen and loses puck.
5:05 of 3rd period - Shot by Yegor Chinakhov.
5:05 of 3rd period - Shot Blocked by Ondrej Palat.
5:24 of 3rd period - Shot by Yegor Chinakhov.
5:24 of 3rd period - Shot Misses the Net.
5:50 of 3rd period - Shot by Eric Robinson.
5:50 of 3rd period - Stopped by Arvid Soderblom without a rebound.
5:51 of 3rd period - Ryan Johansen wins face-off versus Casey Mittelstadt in Oilers zone.
5:51 of 3rd period - Brandon Hagel is hit by Jack Quinn and loses puck.
5:57 of 3rd period - Brock Boeser is hit by Anthony Beauvillier and loses puck.
6:03 of 3rd period - Shot by Brock Boeser.
6:03 of 3rd period - Shot Misses the Net.
6:05 of 3rd period - Shot by Brock Boeser.
6:05 of 3rd period - Shot Misses the Net.
6:07 of 3rd period - Shot by Brandon Hagel.
6:07 of 3rd period - Shot Misses the Net.
6:24 of 3rd period - Brock Boeser is hit by Caleb Jones and loses puck.
6:40 of 3rd period - Minor Penalty to Caleb Jones for Interference.
6:41 of 3rd period - Kasperi Kapanen wins face-off versus Kent Johnson in Rangers zone.
6:53 of 3rd period - Shot by Josh Bailey.
6:53 of 3rd period - Shot Blocked by Eric Robinson.
8:26 of 3rd period - Shot by Jakob Silfverberg.
8:26 of 3rd period - Stopped by Arturs Silovs without a rebound.
8:27 of 3rd period - Kent Johnson wins face-off versus Dylan Strome in Rangers zone.
8:42 of 3rd period - Shot by Kasperi Kapanen.
8:42 of 3rd period - Shot Misses the Net.
8:54 of 3rd period - Shot by Kasperi Kapanen.
8:54 of 3rd period - Shot Misses the Net.
9:06 of 3rd period - Shot by Casey Cizikas.
9:06 of 3rd period - Shot Misses the Net.
9:09 of 3rd period - Icing by Mario Ferraro.
9:10 of 3rd period - Nick Bonino wins face-off versus Paul Stastny in Rangers zone.
9:14 of 3rd period - Off-side.
9:15 of 3rd period - Ryan Johansen wins face-off versus Casey Mittelstadt in neutral zone.
9:46 of 3rd period - Shot by Brandon Hagel.
9:46 of 3rd period - Shot Misses the Net.
9:48 of 3rd period - Shot by Brandon Hagel.
9:48 of 3rd period - Shot Misses the Net.
9:50 of 3rd period - Shot by Brandon Hagel.
9:50 of 3rd period - Shot Misses the Net.
10:12 of 3rd period - Shot by Alexander Barabanov.
10:12 of 3rd period - Shot Misses the Net.
11:21 of 3rd period - Icing by Robin Salo.
11:22 of 3rd period - Nick Bonino wins face-off versus Casey Cizikas in Oilers zone.
11:25 of 3rd period - Shot by Nick Bonino.
11:25 of 3rd period - Stopped by Arvid Soderblom without a rebound.
11:26 of 3rd period - Dylan Strome wins face-off versus Nick Bonino in Oilers zone.
11:26 of 3rd period - Dylan Strome is hit by Patrik Laine.
11:40 of 3rd period - Shot by Patrik Laine.
11:40 of 3rd period - Stopped by Arvid Soderblom without a rebound.
11:41 of 3rd period - Casey Cizikas wins face-off versus Juuso Parssinen in Oilers zone.
12:00 of 3rd period - Icing by Mario Ferraro.
12:01 of 3rd period - Ryan Johansen wins face-off versus Juuso Parssinen in Rangers zone.
12:40 of 3rd period - Off-side.
12:41 of 3rd period - Paul Stastny wins face-off versus Luke Kunin in neutral zone.
13:24 of 3rd period - Icing by Ryan Pulock.
13:25 of 3rd period - Paul Stastny wins face-off versus Nick Bonino in Oilers zone.
14:44 of 3rd period - Shot by Anthony Beauvillier.
14:44 of 3rd period - Deflect By Casey Mittelstadt.
14:44 of 3rd period - Stopped by Arvid Soderblom without a rebound.
14:45 of 3rd period - Casey Cizikas wins face-off versus Luke Kunin in Oilers zone.
14:45 of 3rd period - Jakob Silfverberg is hit by Luke Kunin and loses puck.
14:55 of 3rd period - Icing by Scott Mayfield.
14:56 of 3rd period - Casey Cizikas wins face-off versus Juuso Parssinen in Oilers zone.
14:56 of 3rd period - Casey Cizikas is hit by Juuso Parssinen.
15:03 of 3rd period - Minor Penalty to Casey Cizikas for Hooking.
15:04 of 3rd period - Ryan Johansen wins face-off versus Kent Johnson in Oilers zone.
15:39 of 3rd period - Shot by Patrik Laine.
15:39 of 3rd period - Deflect By Yegor Chinakhov.
15:39 of 3rd period - Stopped by Arvid Soderblom without a rebound.
15:40 of 3rd period - Casey Mittelstadt wins face-off versus Ryan Johansen in Oilers zone.
15:52 of 3rd period - Jack Quinn is hit by Vladislav Gavrikov and loses puck.
16:23 of 3rd period - Shot by Anthony Beauvillier.
16:23 of 3rd period - Shot Misses the Net.
16:41 of 3rd period - Shot by Patrik Laine.
16:41 of 3rd period - Shot Misses the Net.
16:43 of 3rd period - Shot by Mario Ferraro.
16:43 of 3rd period - Shot Blocked by Troy Stecher.
16:45 of 3rd period - Shot by Kent Johnson.
16:45 of 3rd period - Shot Misses the Net.
17:05 of 3rd period - Shot by Luke Kunin.
17:05 of 3rd period - Shot Misses the Net.
17:07 of 3rd period - Shot by Eric Robinson.
17:07 of 3rd period - Stopped by Arvid Soderblom without a rebound.
17:08 of 3rd period - Paul Stastny wins face-off versus Eric Robinson in Oilers zone.
17:20 of 3rd period - Off-side.
17:21 of 3rd period - Casey Cizikas wins face-off versus Casey Mittelstadt in neutral zone.
17:40 of 3rd period - Shot by Kasperi Kapanen.
17:40 of 3rd period - Shot Misses the Net.
17:43 of 3rd period - Jakob Silfverberg is hit by Caleb Jones.
17:57 of 3rd period - Shot by Kasperi Kapanen.
17:57 of 3rd period - Goal by Kasperi Kapanen - Oilers : 5 - Rangers : 4.
17:58 of 3rd period - Dylan Strome wins face-off versus Luke Kunin in neutral zone.
18:09 of 3rd period - Shot by Dylan Strome.
18:09 of 3rd period - Stopped by Arturs Silovs with a rebound.
18:39 of 3rd period - Shot by Eric Robinson.
18:39 of 3rd period - Shot Blocked by Troy Stecher.
18:41 of 3rd period - Shot by Eric Robinson.
18:41 of 3rd period - Stopped by Arvid Soderblom without a rebound.
18:42 of 3rd period - Nick Bonino wins face-off versus Ryan Johansen in Oilers zone.
18:52 of 3rd period - Brock Boeser is hit by Caleb Jones and loses puck.
19:09 of 3rd period - Brandon Hagel is hit by Patrik Laine.
19:16 of 3rd period - Brock Boeser is hit by Caleb Jones and loses puck.
19:42 of 3rd period - Icing by Casey Cizikas.
19:43 of 3rd period - Kent Johnson wins face-off versus Casey Cizikas in Oilers zone.
19:44 of 3rd period - Rangers, Arturs Silovs is pulled from the net.
Goals for this period are 2 for Oilers vs 2 for Rangers.
Shots for this period are 4 for Oilers vs 12 for Rangers.